 Dungeon Crawl Stone Soup version 0.16.0-8-gd9ae3a8 (webtiles) character file.

69 Rotinaj the Magician (level 4, -6/21 HPs)
             Began as a Spriggan Earth Elementalist on Mar 16, 2015.
             Killed by nerve-wracking pain
             ... invoked by Grinder
              (9 damage)
             ... on level 3 of the Dungeon.
             The game lasted 00:22:56 (3601 turns).

Rotinaj the Magician (Spriggan Earth Elementalist)  Turns: 3601, Time: 00:22:56

Health: -6/21      AC:  2    Str:  4    XL:     4   Next: 2%
Magic:  1/14       EV: 18    Int: 17    God:
Gold:   136        SH:  0    Dex: 16    Spells: 4 memorised, 1 level left

rFire  x . .     SeeInvis +     g - +0 dagger
rCold  + . .     Clarity  .     c - +0 robe
rNeg   . . .     SustAb   .     (shield restricted)
rPois  .         Gourm    .     (helmet restricted)
rElec  .         Spirit   .     (no cloak)
rCorr  .         Warding  .     (gloves unavailable)
rMut   .         Stasis   .     (boots unavailable)
MR     .....                    l - amulet of faith
Stlth  +++.......               (no ring)
                                k - ring of ice

@: very slightly contaminated, very quick, not resistant to hostile
enchantments, fairly stealthy
A: unfitting armour, see invisible, herbivore 3, speed 3, slow metabolism 2
a: no special abilities


You were on level 3 of the Dungeon.
You were full.

You visited 1 branch of the dungeon, and saw 3 of its levels.

You collected 136 gold pieces.

Inventory:

Hand weapons
 g - a +0 dagger (weapon)
Missiles
 b - 80 stones (quivered)
Armour
 c - a +0 robe (worn)
 o - a +0 centaur barding
Magical staves
 p - an uncursed staff of summoning
Jewellery
 k - a ring of ice (left hand)
 l - an amulet of faith (around neck)
 m - an uncursed ring of ice
Scrolls
 e - 3 scrolls of identify
 j - a scroll of fog
Potions
 h - a potion of curing
 n - a potion of poison {unknown}
Books
 d - a book of Geomancy

   Spells                             Type                      Level
   a - Sandblast                      Earth                        1
   b - Stoneskin                      Transmutation/Earth          2
   c - Passwall                       Transmutation/Earth          3
   d - Stone Arrow                    Conjuration/Earth            3
   e - Petrify                        Transmutation/Earth          4
   f - Lee's Rapid Deconstruction     Earth                        5
 i - a book of Ice

   Spells                             Type                      Level
   a - Ice Form                       Ice/Transmutation            4
   b - Metabolic Englaciation         Hexes/Ice                    5
   c - Ozocubu's Refrigeration        Ice                          6
   d - Bolt of Cold                   Conjuration/Ice              6
   e - Freezing Cloud                 Conjuration/Ice/Air          6
   f - Simulacrum                     Ice/Necromancy               6
Comestibles
 f - a beef jerky


   Skills:
 + Level 3.5 Dodging
 + Level 3.7 Stealth
 + Level 3.9 Spellcasting
 + Level 1.5 Transmutations
 + Level 3.3 Earth Magic


You had one spell level left.
You knew the following spells:

 Your Spells              Type           Power        Failure   Level  Hunger
a - Sandblast             Erth           ##....       4%          1    None
b - Stoneskin             Trmt/Erth      ##......     12%         2    ##.....
c - Stone Arrow           Conj/Erth      #.....       24%         3    ###....
d - Passwall              Trmt/Erth      ##........   21%         3    ###....


Dungeon Overview and Level Annotations

Branches:
Dungeon (3/15)

Altars:

Annotations:
D:1 stairs
D:3 Grinder, Sigmund


Innate Abilities, Weirdness & Mutations

You are tiny and cannot use many weapons and most armour.
You have supernaturally acute eyesight.
You are a herbivore.
You cover ground extremely quickly.
You need consume almost no food.


Message History

You continue eating. x2
Grinder zaps a wand.
The puff of frost misses you.
You finish eating.
That bread ration really hit the spot!
Casting: Stone Arrow
Confirm with . or Enter, or press ? or * to list all spells.
Aiming: Stone Arrow
Press: ? - help, Shift-Dir - straight line, f/p - Grinder
Aim: Grinder, carrying a wand of frost {zapped: 6} The stone arrow hits Grinder.
Grinder is moderately wounded.
Grinder zaps a wand.
The puff of frost misses you.
Grinder gestures.
Grinder blinks!
Grinder gestures at you. You resist with some effort. Grinder gestures at you.
You resist with some effort. Grinder gestures at you.
Pain shoots through your body!
You die...

##.####........## ...#
#..........# .###
##........5##### ##
#########.....##
##.....# #...†.# ###
#.....# ..###
####.....# #...#
#...@....#
.....<>.$.#...##[....#
............. ......#
......l..... ##.....#
.[.$..... . #.....#
!).....@ #####...
....... .. ######


You could see Grinder.

Vanquished Creatures
  An adder (D:3)
  2 worms (D:2)
  3 giant geckos
  An ooze (D:2)
  2 orcs (D:3)
  4 goblins
  11 hobgoblins
  3 kobolds
  A quokka (D:2)
  A bat (D:1)
  4 giant cockroaches
  A giant newt (D:3)
  4 rats
38 creatures vanquished.

Notes
Turn   | Place    | Note
--------------------------------------------------------------
     0 | D:1      | Rotinaj, the Spriggan Earth Elementalist, began the quest for the Orb.
     0 | D:1      | Reached XP level 1. HP: 9/9 MP: 4/4
     8 | D:1      | Noticed an ogre
    10 | D:1      | Noticed an octopode
    12 | D:1      | Noticed a draconian
    12 | D:1      | Noticed a merfolk
    14 | D:1      | Noticed a formicid
    14 | D:1      | Noticed a tengu
    26 | D:1      | Noticed a felid
    28 | D:1      | Noticed a demonspawn
    28 | D:1      | Noticed a spriggan
    30 | D:1      | Noticed a vampire
    30 | D:1      | Noticed a vine stalker
    32 | D:1      | Noticed a minotaur
    32 | D:1      | Noticed a dwarf
    34 | D:1      | Noticed a centaur
    34 | D:1      | Noticed a human
    36 | D:1      | Noticed a naga
    36 | D:1      | Noticed a demigod
    40 | D:1      | Noticed a gargoyle
    40 | D:1      | Noticed an elf
    44 | D:1      | Noticed a ghoul
    44 | D:1      | Noticed a troll
   773 | D:1      | Reached XP level 2. HP: 8/13 MP: 3/7
  1062 | D:1      | Learned a level 2 spell: Stoneskin
  1632 | D:2      | Reached XP level 3. HP: 13/16 MP: 1/11
  1773 | D:2      | Learned a level 3 spell: Stone Arrow
  1805 | D:2      | Learned a level 3 spell: Passwall
  3417 | D:3      | Noticed Sigmund
  3575 | D:3      | Reached XP level 4. HP: 21/21 MP: 10/14
  3578 | D:3      | Noticed Grinder
  3582 | D:3      | Paralysed by Grinder for 7 turns
  3601 | D:3      | Killed from afar by Grinder

Action                   |  1- 3 |  4- 6 || total
-------------------------+-------+-------++-------
Melee: Unarmed           |    11 |       ||    11
       Dagger            |    38 |       ||    38
 Cast: Sandblast         |    42 |       ||    42
       Stone Arrow       |    19 |     3 ||    22
       Passwall          |     4 |       ||     4
  Use: Potion            |     2 |       ||     2
       Scroll            |     2 |       ||     2
  Eat: Pizza             |     1 |       ||     1
       Bread ration      |       |     1 ||     1
